[Event "CCT Airthings Masters Play-In 2023"]
[Site "Online"]
[Date "2023.02.03"]
[Round "2"]
[White "Dedic8"]
[Black "GMBenjaminBok"]
[Result "1-0"]
[ECO "B90"]
[WhiteElo "2447"]
[BlackElo "2631"]
[Annotator "TA"]
[PlyCount "75"]
[EventDate "2023.02.03"]
[EventType "swiss"]
[EventCountry "NET"]
[SourceTitle "playchess.com"]
[Source "ChessBase"]
[SourceQuality "1"]
[TimeControl "600+2"]

1. e4 c5 2. Nf3 d6 3. d4 cxd4 4. Nxd4 Nf6 5. Nc3 a6 6. f3 e5 7. Nb3 Be6 8. Be3 Be7 9. Qd2 O-O 10. O-O-O Nbd7 11. g4 b5 12. Rg1 {[%emt 0:00:01] B90: Sicilian Najdorf: Unusual White 6th moves, 6 Be3 Ng4 and 6 Be3 e5.} Nb6 13. g5 Nh5 14. Na5 {[%emt 0:00:08] The position is equal.} Rc8 {[%emt 0:00:37] Prevents Nc6.} 15. Kb1 (15. Nb7 Qc7 16. Nxd6 Rcd8 $17) 15... g6 16. h4 (16. Nb7 Qc7 17. Na5 (17. Nxd6 $2 Rcd8 $19) 17... d5 18. exd5 Nxd5 19. Nxd5 Bxd5 $17) 16... b4 17. Nd5 Nxd5 {[%emt 0:00:02][%mdl 64] Discovered Attack} 18. exd5 Qxa5 19. dxe6 fxe6 20. Bh3 Ng7 {[%emt 0:00:02] [#]} (20... Rxf3 $2 21. Bxe6+ Kh8 22. Bxc8 $18) 21. h5 $1 d5 (21... gxh5 $2 22. g6 Bf6 23. Qxd6 $16) 22. hxg6 hxg6 (22... Rxf3 $2 23. Bg4 Rf5 24. gxh7+ Kh8 25. g6 $18) 23. Rh1 {[%emt 0:00:06][%cal Bg1h1,Bh1h6,Bh6e6][%mdl 32] [#]} Kf7 $146 (23... Rxf3 $2 24. Qh2 Kf7 25. Rdf1 $18) ({Predecessor:} 23... d4 24. Qh2 Kf7 25. Bc1 Qd5 26. Rhe1 Rh8 27. Rxe5 Qc6 28. Ree1 d3 29. cxd3 Bd6 {½-½ Dvoinikov,A (2484)-Schubert,V (1846) WC-2014-S-00014 2011}) 24. f4 e4 $2 (24... d4 $1 $14 25. Bf2 Rh8) 25. Bd4 {[%emt 0:00:04] Bxg7 is the strong threat. This pair of bishops is nice.} Nf5 (25... Rg8 $16 26. Bg4 Rc6) 26. Bxf5 $40 {[%emt 0:00:28][%mdl 128] White is out for blood.} gxf5 (26... exf5 27. a3 Rc6) 27. Rh6 {[%emt 0:00:13] Black must now prevent Qh2.} Qb5 (27... Bd6 $142 28. Qh2 Ke8 29. Rxe6+ Kd7) 28. Qh2 {[%emt 0:00:59] Qh5+ would kill now.} Ke8 29. Rxe6 Rc6 30. Re5 Kd7 31. Qh7 Re6 32. Rxf5 Rxf5 33. Qxf5 Qe2 34. Kc1 e3 35. g6 $4 {[%emt 0:00:27][%mdl 8192] [#]} (35. Bb6 Qf3 $18) (35. Qxd5+ $18 Rd6 36. Qf5+ Kc7 37. g6) 35... Qf3 $4 (35... Qxd1+ $1 $19 36. Kxd1 e2+ 37. Ke1 Bh4+ 38. Bf2 Bxf2+ {[%mdl 64] Remove Defender} 39. Kxf2 e1=Q+ 40. Kf3 Qe2+ 41. Kg3 Kd6) 36. g7 $4 (36. Re1 $18 Qf2 37. Qxd5+ (37. Bxe3 $2 Qxe1#) (37. Rxe3 Qg1+ 38. Kd2 Qg2+ 39. Kd3 Qf1+ 40. Kd2 Qg2+ 41. Kd3 Qf1+ 42. Kd2 Qg2+ $11) 37... Bd6 38. Qb7+ (38. Rd1 Qxf4 $16) 38... Bc7 39. Qh1) 36... e2 $4 {[%emt 0:00:00][%mdl 8192] [#]} (36... Qxd1+ $19 37. Kxd1 e2+ 38. Ke1 Bh4+ 39. Bf2 Bxf2+ {[%mdl 64] Remove Defender} 40. Kxf2 e1=Q+ 41. Kf3 Qe4+ 42. Qxe4 dxe4+ 43. Kg4 Rg6+ 44. Kf5 Rxg7 45. Kxe4 Rg2) 37. Re1 $1 (37. g8=Q $2 exd1=Q#) ({Worse is} 37. Qxe6+ Kxe6 38. g8=Q+ Kd7 $11) 37... Qg3 38. Rxe2 {[%emt 0:00:07] White used his chance. Artfully played by Dedic8.   Weighted Error Value: White=0.58/Black=1.13} 1-0

[Event "CCT Airthings Masters Play-In 2023"]
[Site "Online"]
[Date "2023.02.03"]
[Round "2"]
[White "Aygehovit"]
[Black "OparinGrigoriy"]
[Result "0-1"]
[ECO "C60"]
[WhiteElo "2439"]
[BlackElo "2618"]
[Annotator "TA"]
[PlyCount "102"]
[EventDate "2023.02.03"]
[EventType "swiss"]
[EventCountry "NET"]
[SourceTitle "playchess.com"]
[Source "ChessBase"]
[SourceQuality "1"]
[TimeControl "600+2"]

1. e4 e5 2. Nf3 Nc6 3. Bb5 Nge7 4. Nc3 Ng6 5. h4 Nd4 6. h5 {[%emt 0:00:27] C60: Ruy Lopez: Unusual Black 3rd moves and 3...g6.} (6. Bc4 $5 ) 6... Nf4 7. g3 {[%emt 0:00:11] [#]} Nfe6 $146 ({Predecessor:} 7... Nxf3+ 8. Qxf3 Ne6 9. Ne2 Bc5 10. h6 g6 11. c3 c6 12. Bc4 Ng5 13. Qg2 d5 {1-0 Guid,M (2315)-Markoja,S (1963) Ljubljana-chT 65th Superliga 2012 (8.1)}) 8. Nxe5 {[%emt 0:00:34] The position is equal.} Nxb5 9. Nxb5 d5 $1 10. d4 {[%emt 0:03:53] Black must now prevent h6.} f6 11. Ng4 {[%emt 0:00:16] Excellent horsemanship.} (11. h6 $5 g6 12. Ng4 $11) 11... dxe4 12. Be3 c6 13. Nc3 Bb4 14. a3 (14. h6 $11 {remains equal.}) 14... Bxc3+ $17 15. bxc3 O-O 16. h6 g5 17. c4 (17. a4 $15) 17... Nc7 18. Qe2 Be6 19. d5 cxd5 {[%emt 0:00:01] ...d4 is the strong threat.} 20. Bd4 Bxg4 $1 (20... dxc4 21. O-O-O $17) 21. Qxg4 dxc4 (21... f5 $142 $1 22. Qe2 Ne6) 22. O-O-O Qe7 {[%emt 0:00:02] Against Be5} 23. Rhe1 f5 (23... Qxa3+ $6 24. Bb2 Qc5 25. Rd7 $11) 24. Qe2 b5 25. Qd2 Rad8 {[%emt 0:00:15] Threatens to win with ...Ne6.} (25... Qxa3+ $2 26. Bb2 Qe7 27. Qc3 $18) 26. Qa5 Rd7 (26... g4 $17 {Hoping for ...a6.} 27. a4 a6 28. axb5 axb5) 27. Bb2 $1 $11 Nd5 {[%emt 0:00:30] Against Qc3. aiming for ...Rc8.} 28. Qxb5 c3 29. Bxc3 (29. Rxd5 $2 cxb2+ 30. Kd2 Rb7 $19) 29... Qe6 (29... Qxa3+ $2 30. Bb2 Qd6 31. c4 $18) (29... Nxc3 $11 {keeps the balance.} 30. Qxd7 Ne2+ 31. Rxe2 Qxa3+ 32. Kd2 Qa5+ 33. Ke3 (33. Kc1 Qa3+ 34. Kd2 Qa5+ 35. Ke3 Qc3+ $11) 33... Qc3+ 34. Rd3 exd3 35. cxd3 Qc1+ 36. Rd2 Qe1+ 37. Re2 (37. Kd4 Qa1+ 38. Ke3 Qf6 $11) 37... Qc1+ 38. Rd2 Qe1+ 39. Re2 (39. Kd4 Qa1+ 40. Ke3 Qf6 $11) 39... Qc1+) 30. Bb2 (30. g4 $1 $16) 30... Rfd8 31. Qc4 ({White should play} 31. g4 $14) 31... Kf7 (31... g4 $5 ) 32. Qd4 {[%emt 0:00:02] [#]} (32. f3 $11 Nf6 33. Qxe6+ Kxe6 34. Bxf6 Kxf6 35. fxe4 (35. Rxd7 Rxd7 36. fxe4 fxe4 $11)) 32... Kg6 $1 $17 {[%emt 0:00:03][%cal Od5f4] And now ...Nf4! would win.} (32... Qxh6 $6 33. g4 $11) 33. Rh1 Nb6 {[%emt 0:00:10][%cal Bd5b6,Bb6a4,Ba4b2][%mdl 32] Repels Qc4} 34. Qc3 Na4 {[%emt 0:00:06] The board is on fire.} 35. Qb4 {[%emt 0:00:02][%mdl 8192] [#]} (35. Rxd7 $17 {is tougher.} Rxd7 36. Qh8) 35... Nxb2 $1 $19 (35... Rxd1+ 36. Rxd1 Rxd1+ 37. Kxd1 Nxb2+ 38. Qxb2 $17) 36. Rxd7 Rxd7 (36... Qxd7 37. Qxb2 Qd4 38. Qxd4 Rxd4 39. Rh2 $17) 37. Qxb2 {[%emt 0:00:01][%mdl 4096] Endgame KQR-KQR} Qd6 {[%emt 0:00:07] Repels Qb8} (37... e3 38. fxe3 Qxe3+ 39. Kb1 Qf3) 38. Qc3 Rc7 (38... f4 $19 {[%cal Oe4e3] ...e3! would be deadly.} 39. Qb3 Qf6) 39. Qa5 $2 {[%emt 0:00:02][%mdl 8192] Prevents e3.} (39. Qb3 $17) 39... Qc6 40. Qd2 Qc5 $2 (40... e3 41. Qd1 e2 {[%mdl 64] Deflection} 42. Qxe2 Qxh1+ 43. Qd1 Qc6) 41. Kb2 Rb7+ 42. Ka2 Qc4+ 43. Ka1 Qc5 {[%emt 0:00:01][%cal Rc5a3] Prevents Qd6+} 44. Ka2 Qc4+ 45. Ka1 Qe6 $40 {[%emt 0:00:00][%mdl 128] Black goes for the king.} ({Not} 45... Qc5 $2 46. Ka2 $19) 46. c3 $2 (46. Qd4) 46... Qe7 $2 {[%emt 0:00:02] Active counter play!} (46... Rb3 47. Qc1 Qc4) 47. Ka2 Qe6+ (47... Rd7 48. Qb2 (48. Qe2 $2 Rd3 $19) 48... Qc5) 48. Ka1 Rb3 49. Qa2 Qc4 50. Rc1 Qa4 51. Qd2 Qxa3+ {[%emt 0:00:02] An exciting game.   Weighted Error Value: White=0.83/Black=0.61} 0-1

[Event "CCT Airthings Masters Play-In 2023"]
[Site "Online"]
[Date "2023.02.03"]
[Round "2"]
[White "BrandonJacobson"]
[Black "AlexanderL"]
[Result "0-1"]
[ECO "A17"]
[WhiteElo "2392"]
[BlackElo "2602"]
[Annotator "TA"]
[PlyCount "108"]
[EventDate "2023.02.03"]
[EventType "swiss"]
[EventCountry "NET"]
[SourceTitle "playchess.com"]
[Source "ChessBase"]
[SourceQuality "1"]
[TimeControl "600+2"]

1. Nf3 d5 2. e3 Nf6 3. c4 e6 4. Nc3 Bd6 5. b3 O-O 6. Bb2 {[%emt 0:00:02] A17: English Opening: 1...Nf6 with ...Bb4.} a6 7. g3 b6 8. cxd5 {[%emt 0:00:03] The position is equal.} exd5 9. Bg2 Bb7 10. O-O Nbd7 11. Rc1 Re8 12. Re1 Nc5 $5 {[%emt 0:00:05][%mdl 4] Leaves trodden paths.} 13. d3 {[%emt 0:00:43] [#]} Bf8 $146 ({Predecessor:} 13... a5 14. Nb5 Be7 15. Nxc7 Qxc7 16. d4 Rad8 17. dxc5 bxc5 18. Nd4 Qb6 19. Nf5 Bf8 {½-½ Sonis,F (2538)-Raja,R (2490) Junior Speed Qual 1 blitz 2022 (1.3)}) 14. Re2 g6 15. Rec2 Ne6 16. Ne2 Bg7 17. Ned4 Nxd4 18. Bxd4 c5 19. Bxf6 Bxf6 20. d4 Be7 21. Ne1 cxd4 22. Qxd4 (22. Rc7 Rb8 23. exd4 (23. Qxd4 Ba3 $17) 23... Ba3 $15) 22... Bc5 23. Qd2 Qe7 24. Nd3 (24. Bxd5 $2 {too greedy.} Rad8 25. Rxc5 (25. e4 $2 Bxd5 26. exd5 Bb4 $19 {[%mdl 64] Skewer}) 25... bxc5 $19) 24... Ba3 25. Rd1 Rad8 (25... d4 $1 $11) 26. Nf4 $14 d4 27. exd4 Bd6 28. d5 Qf6 29. h4 Rd7 30. Bf3 Red8 31. Bg4 Bxf4 32. Qxf4 Qxf4 33. gxf4 f5 (33... Rxd5 $2 34. Rxd5 Bxd5 35. Rd2 $18) 34. Be2 b5 35. a4 (35. Bf3 $5 ) 35... bxa4 ({But not} 35... Bxd5 36. axb5 Bxb3 37. Rxd7 Rxd7 38. Rc3 $16) 36. bxa4 Kf8 37. Rc5 Bxd5 38. Bxa6 Be4 39. Rxd7 Rxd7 {[%emt 0:00:00][%mdl 4096] Endgame KRB-KRB} 40. Rc1 {[%emt 0:00:00] Dodges Rd1+} (40. Be2 $14) 40... Rd4 $11 41. Bb5 Bd5 42. a5 {[%emt 0:00:17] With the idea a6.} Rxf4 43. a6 {[%emt 0:00:19] aiming for a7.} Rxh4 44. Rc8+ Kg7 45. Kf1 (45. f3 $11 {keeps the balance.}) 45... Bf3 (45... Rb4 $142 $1 46. Bd3 Kf6) 46. Ke1 $17 Rd4 47. Rc1 {[%emt 0:00:04] Prevents Rd1+} h5 $1 48. a7 h4 $1 {[%emt 0:00:03] Black is more active.} 49. Ra1 h3 (49... Ba8 $1 $17 50. Kf1 Rb4) 50. a8=Q $11 Bxa8 51. Rxa8 {[%emt 0:00:00][%mdl 8192] [#]} (51. Ra7+ $11 Kf6 52. Rxa8) 51... h2 $1 {[%emt 0:00:02] Black mates.} 52. Bc6 {[%emt 0:00:00] [#]} Re4+ $1 {[%emt 0:00:01][%mdl 576] Promotion} 53. Bxe4 fxe4 54. Ra7+ Kh6 {[%emt 0:00:02] Weighted Error Value: White=0.28 (precise) /Black=0.11 (very precise)} 0-1

[Event "CCT Airthings Masters Play-In 2023"]
[Site "Online"]
[Date "2023.02.03"]
[Round "2"]
[White "Fighterman91"]
[Black "LastGladiator1"]
[Result "0-1"]
[ECO "B12"]
[WhiteElo "2374"]
[BlackElo "2601"]
[Annotator "NA"]
[PlyCount "72"]
[EventDate "2023.02.03"]
[EventType "swiss"]
[EventCountry "NET"]
[SourceTitle "playchess.com"]
[Source "ChessBase"]
[SourceQuality "1"]
[TimeControl "600+2"]

1. e4 c6 2. d4 d5 3. e5 Bf5 4. h4 h5 5. Bd3 Bxd3 6. Qxd3 Qa5+ 7. Nd2 e6 8. Ne2 Ne7 9. O-O Qa6 10. c4 Nf5 11. g3 Nd7 12. b3 Rd8 13. Bb2 Ba3 14. Bxa3 Qxa3 15. cxd5 cxd5 16. Nf4 g6 17. Rfc1 O-O 18. Nf3 Rc8 19. Qd2 a5 20. Rc2 Rxc2 21. Qxc2 Nb8 22. Qc7 Nc6 23. Qxb7 Ncxd4 24. Ng5 Qb2 25. Rf1 Ne2+ 26. Nxe2 Qxe2 27. a4 Qxe5 28. Rc1 Qf6 29. Rc7 Nh6 30. Qa7 Ng4 31. Rc2 d4 32. Qxa5 d3 33. Rd2 Rc8 34. Qa7 Rc2 35. Ne4 Qf3 36. Qb8+ Kg7 0-1

[Event "CCT Airthings Masters Play-In 2023"]
[Site "Online"]
[Date "2023.02.03"]
[Round "2"]
[White "SalgadoChess91"]
[Black "kirillshevchenko"]
[Result "1-0"]
[ECO "B30"]
[WhiteElo "2344"]
[BlackElo "2589"]
[Annotator "NA"]
[PlyCount "93"]
[EventDate "2023.02.03"]
[EventType "swiss"]
[EventCountry "NET"]
[SourceTitle "playchess.com"]
[Source "ChessBase"]
[SourceQuality "1"]
[TimeControl "600+2"]

1. e4 c5 2. Nf3 Nc6 3. Bb5 e6 4. O-O Nge7 5. Re1 b6 6. c3 a6 7. Bf1 d5 8. d3 Bb7 9. Bf4 Ng6 10. Bg3 Be7 11. Nbd2 O-O 12. a4 Qd7 13. exd5 exd5 14. d4 cxd4 15. Nxd4 Nxd4 16. cxd4 Bb4 17. Bd3 Rfe8 18. Rxe8+ Rxe8 19. Nf3 Bc6 20. Bxa6 Ra8 21. Bd3 Bxa4 22. b3 Bc6 23. Rxa8+ Bxa8 24. h4 Bd6 25. Qa1 Bc6 26. Bxd6 Qxd6 27. Qa7 Be8 28. Qa8 Qc6 29. Qxc6 Bxc6 30. Bxg6 hxg6 31. Ne5 Be8 32. f3 f6 33. Ng4 Kf7 34. Kf2 Bb5 35. Ke1 Ke6 36. Ne3 Ba6 37. Kd2 Kd6 38. h5 Ke6 39. hxg6 f5 40. g3 Kf6 41. Nxd5+ Kxg6 42. Ke3 Bb7 43. Nxb6 Kf6 44. d5 g5 45. f4 gxf4+ 46. gxf4 Ke7 47. Kd4 1-0

[Event "CCT Airthings Masters Play-In 2023"]
[Site "Online"]
[Date "2023.02.03"]
[Round "2"]
[White "OldweakGM"]
[Black "dropstoneDP"]
[Result "1-0"]
[ECO "A34"]
[WhiteElo "2339"]
[BlackElo "2586"]
[Annotator "TA"]
[PlyCount "85"]
[EventDate "2023.02.03"]
[EventType "swiss"]
[EventCountry "NET"]
[SourceTitle "playchess.com"]
[Source "ChessBase"]
[SourceQuality "1"]
[TimeControl "600+2"]

1. Nf3 Nf6 2. c4 c5 3. Nc3 Nc6 4. e3 e5 5. d4 e4 6. Ne5 {[%emt 0:00:10] A34: Symmetrical English: 2 Nc3, lines with ...d5.} h5 7. Be2 Bd6 {[%emt 0:00:19] is the legacy move (7...Qc7).} 8. f4 {[%emt 0:00:20] White has an edge.} Bc7 9. O-O (9. Nxc6 {simplifies} dxc6 10. dxc5 Qe7 11. b4) 9... cxd4 10. exd4 d6 11. Nxc6 bxc6 12. f5 d5 {[%emt 0:00:53] [#]} 13. Bf4 $146 (13. cxd5 $14 cxd5 14. Kh1) ({Predecessor:} 13. cxd5 cxd5 14. g3 Bd7 15. Bg5 h4 16. g4 Qb8 {½-½ Stanach,F (2484)-Budkin,G (2407) W-Cup18 sf11 email 2013}) 13... Bxf4 $11 14. Rxf4 Qd6 15. Qd2 Rb8 16. Raf1 Qb4 17. b3 h4 18. Qe1 h3 (18... Kf8 $11) 19. g4 $16 Nh7 (19... Kd8 $16) 20. cxd5 $2 (20. Qg3 $1 $18) 20... cxd5 $11 21. Qg3 Qxd4+ (21... O-O $1 $11 {remains equal.}) 22. Kh1 (22. R4f2 $1 $16 {Hoping for Rd1.} e3 23. Rf3 (23. Qxb8 $2 exf2+ 24. Rxf2 Qxc3 $19)) 22... O-O $1 {[%emt 0:00:58] White must now prevent ...Bb7.} 23. Rd1 (23. Qxh3 Ng5 24. Qg3 Bb7 $15) (23. g5 $5 Qe5 24. Qxh3 Nxg5 25. Qh5 $15) 23... Qc5 24. Nxd5 {[%emt 0:00:20] g5 would be deadly.} (24. Qxh3 Ng5 25. Qh5 Qxc3 $17) (24. Rxd5 $5 Qc7 25. Rf3 (25. Nxe4 $2 Bb7 $19) (25. Rxe4 Qxg3 26. hxg3 Nf6 $17) 25... Qxg3 26. Rxg3 $11) 24... Bb7 25. Qe3 $2 {[%emt 0:00:15] [#]} (25. Ne3 $1 $11 Rbd8 26. Rff1 (26. Qxh3 $2 {perishes.} Ng5 $19)) 25... Qxe3 $2 ({Black should try} 25... Rfc8 $1 $19 26. Qxc5 (26. Qxe4 $2 {loses.} Nf6 $19) 26... Rxc5) 26. Nxe3 Rfd8 27. Rff1 Ng5 28. Kg1 a5 29. Kf2 Bc6 (29... f6 $142) 30. Rxd8+ $16 Rxd8 31. Rc1 Be8 {[%emt 0:00:07] [#]} 32. Rd1 (32. Rc5 $142 $1) 32... Rb8 33. Nd5 (33. Rd4 $16) 33... Kf8 34. Ke3 Bc6 35. Nc3 f6 36. Rd6 Rc8 37. Ba6 (37. Rd4 $14 {is more appropriate.}) 37... Ke7 ({Better is} 37... Bb7 $11 38. Bc4 (38. Bxb7 Rxc3+ 39. Kd2 Rc7 $17) 38... Nf3) 38. Rd4 $14 {[%emt 0:00:09] White has more active pieces.} Rb8 39. Bc4 $2 (39. Be2 $16 {stays on course.}) 39... Nf3 $17 40. Rd1 (40. Nd5+ $142 Kf8 41. Rxe4 Nxh2 42. Kf2) 40... Nxh2 41. Kf4 Nf3 {[%emt 0:00:06] aiming for ...h2.} 42. Nxe4 $2 (42. Bd5 $17 Bxd5 43. Nxd5+ Kf7 44. Rh1) 42... Bxe4 $2 (42... Ne5 $19 43. Bd5 Bxd5 44. Rxd5 h2) 43. Kxe4 {[%emt 0:00:01][%mdl 32768] A wild game.   Weighted Error Value: White=0.47/Black=0.37. Sensor Board Error (Ke4/e5)?} 1-0

[Event "CCT Airthings Masters Play-In 2023"]
[Site "Online"]
[Date "2023.02.03"]
[Round "2"]
[White "hissha"]
[Black "ChessLover"]
[Result "0-1"]
[ECO "B50"]
[WhiteElo "2292"]
[BlackElo "2577"]
[Annotator "TA"]
[PlyCount "60"]
[EventDate "2023.02.03"]
[EventType "swiss"]
[EventCountry "NET"]
[SourceTitle "playchess.com"]
[Source "ChessBase"]
[SourceQuality "1"]
[TimeControl "600+2"]

1. e4 c5 2. Nf3 d6 3. Bb5+ Bd7 4. Bxd7+ Nxd7 5. O-O Ngf6 6. Qe2 e6 7. b3 g6 {[%emt 0:00:18] B50: Sicilian: 2...d6, Miscellaneous.} 8. Bb2 Bg7 9. d4 cxd4 {[%emt 0:00:03] The position is equal.} 10. Nxd4 O-O 11. c4 d5 $5 {[%emt 0:01:10][%mdl 4] [#] Exploring less charted territory.} 12. cxd5 $146 (12. e5 $5 Ne4 13. cxd5 exd5 14. f3 $11) ({Predecessor:} 12. e5 Ne4 13. cxd5 exd5 14. f3 Nxe5 15. fxe4 dxe4 16. Qxe4 Re8 17. Nd2 Nc4 18. Qxe8+ Qxe8 19. Nxc4 {1-0 Deuer,M (2338)-Yaniv,Y (2305) EU-chT U18 Thessaloniki 2022 (2.4)}) 12... exd5 13. exd5 (13. e5 $11 {remains equal.} Re8 14. f4) 13... Nxd5 (13... Re8 $1 $17 14. Qd2 Ne4) 14. Rd1 (14. Nc3 $11 Re8 15. Qd2 Nxc3 16. Qxc3) 14... Re8 15. Qb5 N7b6 ({Black should play} 15... Nf4 $17 {White must now prevent ...Nb6.} 16. Nc3 Ne5) 16. Na3 a6 17. Qf1 Qe7 $36 {[%emt 0:00:29][%mdl 2048] Black has good play.} 18. Nc4 Nxc4 $1 19. Qxc4 {[%emt 0:00:10] [#]} (19. bxc4 $17 {only move.} Nb6 20. Rac1) 19... Rad8 (19... Nf4 $1 $19 {has better winning chances. Strongly threatening ...Qe4.} 20. Qf1 Rad8) 20. g3 $17 Nb6 (20... Qe4 {seems wilder.} 21. Rd2 b5 22. Qc6 Nb4) 21. Qc2 {[%emt 0:00:24] [#]} (21. Qc3 $11) 21... Qe4 $1 {[%emt 0:00:28] ...Qxc2 would be deadly. Black is more active.} 22. Qxe4 Rxe4 23. Re1 $2 {[%emt 0:01:05][%mdl 8192] This move loses the game for White.} (23. Rd3 $17) 23... Rxe1+ $19 ({Inferior is} 23... Rexd4 24. Bxd4 Bxd4 25. Rad1 $17) ({Weaker is} 23... Bxd4 24. Rxe4 Bxb2 25. Rae1 $17) 24. Rxe1 Bxd4 25. Bxd4 Rxd4 {[%emt 0:00:00] KRN-KR} 26. Re7 Rd1+ 27. Kg2 Nd5 28. Rxb7 {[%emt 0:00:03] Black is winning.} Rd2 29. a4 Ne3+ 30. Kf3 Nd1 {[%emt 0:00:01] Weighted Error Value: White=0.50/Black=0.20 (precise)} 0-1

[Event "CCT Airthings Masters Play-In 2023"]
[Site "Online"]
[Date "2023.02.03"]
[Round "2"]
[White "Rodalquilar"]
[Black "TimofeevAr"]
[Result "1/2-1/2"]
[ECO "D02"]
[WhiteElo "2271"]
[BlackElo "2576"]
[Annotator "TA"]
[PlyCount "95"]
[EventDate "2023.02.03"]
[EventType "swiss"]
[EventCountry "NET"]
[SourceTitle "playchess.com"]
[Source "ChessBase"]
[SourceQuality "1"]
[TimeControl "600+2"]

1. d4 d5 2. Nf3 e6 3. Bf4 Bd6 4. e3 Nf6 5. Nbd2 O-O 6. c3 {[%emt 0:00:03] D02: 1 d4 d5 2 Nf3 sidelines, including 2...Nf6 3 g3 and 2...Nf6 3 Bf4.} b6 7. h4 Bb7 8. h5 h6 {[%emt 0:00:09] [#]} 9. Bd3 $146 ({Predecessor:} 9. Ne5 Nfd7 10. Qg4 Kh8 11. Bd3 Nxe5 12. dxe5 Be7 13. O-O-O Nd7 14. Bc2 Qe8 15. Rh3 {1-0 Matlakov,M (2685)-Tristan,L (2535) Titled Tuesday intern op 14th July blitz 2020 (3)}) 9... Ne4 10. Ne5 Nd7 11. f3 Nxd2 (11... Ng5 $11) 12. Kxd2 (12. Qxd2 $14 Qe7 13. O-O-O) 12... Bxe5 $15 13. dxe5 f6 14. exf6 Qxf6 15. Bg6 (15. Bxc7 e5 16. f4 d4 $17) 15... e5 (15... Nc5 {is interesting.} 16. Bxc7 e5 17. f4 exf4 18. Bxf4 Rad8) 16. Bg3 (16. Bh2 $15) 16... Qe6 (16... Nc5 {looks sharper.} 17. Rh4 e4 18. Kc2 Qg5) 17. Kc2 Nf6 (17... Rf6 $17 {Hoping for ...Rxg6.} 18. Bd3 Nc5) 18. Qe2 c5 19. Rad1 a5 20. Kb1 a4 (20... Ba6 $5 21. Qe1 e4 $11) 21. a3 Ba6 22. Qc2 Bc4 23. Qf5 Qxf5+ (23... Rae8 $5) 24. Bxf5 {[%emt 0:00:00] A strong pair of Bishops.} Rfe8 25. Bg6 Re6 26. Bf5 Re7 27. Bh4 Ree8 28. g4 (28. Rh3 $14 {deserves consideration.}) 28... Be2 $11 29. Rd2 ({Much weaker is} 29. Bxf6 Bxd1 30. Rxd1 gxf6 $15) 29... Bxf3 30. Rf1 e4 ({Resist} 30... Bxg4 31. Bxf6 Bxf5+ 32. Rxf5 $16) (30... Ne4 $2 31. Rc2 $18 (31. Rxd5 $2 {loses.} Nxc3+ {[%mdl 64] Discovered Attack} 32. bxc3 Bxd5 $19)) 31. Bxf6 {[%emt 0:00:04][%mdl 64] [#] Remove Defender} gxf6 32. Rxd5 Rad8 {[%emt 0:00:06] Dodges Rd6} 33. Bd7 {[%emt 0:01:04] The position is equal.} Kg7 {[%emt 0:00:04] aiming for ...Re7.} 34. c4 Re5 35. Rxe5 fxe5 36. Bxa4 {[%emt 0:00:02][%mdl 4096] Endgame KRB-KRB} Rd3 37. Re1 Kf6 38. Bc2 Rd8 39. b4 Kg5 40. Rg1 Rd2 {[%emt 0:00:14] [#] ...Re2 would be deadly.} 41. bxc5 bxc5 {[%emt 0:00:02] ...Re2 is the strong threat.} 42. a4 Re2 43. a5 Rxe3 44. Kb2 {[%emt 0:00:01] Wards off Ra3} Re2 45. Kc3 {[%emt 0:00:36] Prevents Rd2.} Re3+ 46. Kb2 Re2 {[%emt 0:00:01][%cal Oe2d2] Strongly threatening ...Rd2!} 47. Kc3 {[%emt 0:00:00] Wards off Rd2} Re3+ 48. Kb2 {[%emt 0:00:01] Weighted Error Value: White=0.12 (very precise) /Black=0.13 (very precise)} 1/2-1/2

[Event "CCT Airthings Masters Play-In 2023"]
[Site "Online"]
[Date "2023.02.03"]
[Round "2"]
[White "chessdjw"]
[Black "igorkovalenko"]
[Result "0-1"]
[ECO "E90"]
[WhiteElo "2255"]
[BlackElo "2573"]
[Annotator "TA"]
[PlyCount "86"]
[EventDate "2023.02.03"]
[EventType "swiss"]
[EventCountry "NET"]
[SourceTitle "playchess.com"]
[Source "ChessBase"]
[SourceQuality "1"]
[TimeControl "600+2"]

1. d4 Nf6 2. Nf3 g6 3. c4 Bg7 4. Nc3 d6 5. e4 Bg4 6. Be2 Nfd7 7. Be3 {[%emt 0:00:01] E90: King's Indian: Classical: Early deviations and 6 h3.} Nc6 8. d5 {[%emt 0:00:23] [#]} (8. Ng1 $5 Bxe2 9. Ngxe2 $14) 8... Bxc3+ $146 ({Predecessor:} 8... Nce5 9. Nxe5 Bxe2 10. Nxf7 Bxd1 11. Nxd8 Bg4 12. h3 Rxd8 13. hxg4 Ne5 14. Bd4 Nd3+ {1-0 Muradli,M (2449)-Niemann,H (2465) Titled Tuesday intern op 30th June blitz 2020 (3)}) 9. bxc3 {[%emt 0:00:01] White is slightly better.} Na5 10. h3 (10. Nd2 $14 Bxe2 11. Qxe2) 10... Bxf3 $11 11. gxf3 e5 12. h4 (12. dxe6 {was preferrable.} fxe6 13. Qa4) 12... Qe7 13. Qa4 b6 14. h5 g5 15. h6 Rd8 16. Bf1 O-O 17. Bh3 f6 18. Ke2 Kh8 (18... Nc5 19. Qb4 $14) 19. Bf5 Rfe8 20. Rab1 Nc5 21. Bxc5 dxc5 22. Rbd1 Rd6 23. Rd2 Rdd8 24. Rdd1 Nb7 25. Be6 Nd6 26. Qa6 ({White has to play} 26. Rde1 $1 $15) 26... Ra8 ({Black should play} 26... f5 $17 27. exf5 (27. Bxf5 Nxf5 28. exf5 Rf8 $17) 27... Rf8) 27. a4 Reb8 (27... Qf8 $15) 28. Rb1 (28. Kd2 $11) 28... Qe8 (28... f5 $1 $17 29. exf5 (29. Bxf5 Nxf5 30. exf5 Qf8 $17) 29... Qf6) 29. Ra1 Qg6 30. a5 $2 {[%emt 0:00:30][%mdl 8192] [#]} (30. Rae1 $15) 30... g4 $1 31. Bxg4 $17 {[%emt 0:00:40] [#]} Nxe4 32. Bh5 $1 $36 {[%emt 0:00:02][%mdl 2048] White is pushing.} Ng3+ 33. fxg3 Qc2+ 34. Kf1 {[%emt 0:00:09] Threatens to win with Re1.} Qd3+ 35. Kg2 Qd2+ 36. Kh3 Qxh6 37. g4 (37. Kg2 $5 Qd2+ $8 38. Kg1 $11) 37... f5 {[%emt 0:00:01] Strongly threatening ...fxg4+.} 38. Rae1 {[%emt 0:00:30] Qb5 would be deadly.} Rg8 {[%emt 0:00:49] aiming for ...Raf8.} 39. Rxe5 $2 (39. Qb5 $11 fxg4+ 40. fxg4) 39... fxg4+ $19 40. fxg4 Raf8 41. Qb5 Rf3+ {[%emt 0:00:02] Black mates.} 42. Kg2 Qf4 (42... Rxc3 $2 43. Qb2 Rxc4 44. Rg5+ $18) 43. Qb2 Qg3# {[%emt 0:00:01] Excellently played by igorkovalenko!   Weighted Error Value: White=0.45/Black=0.28 (precise)} 0-1